[Event "Titled Tuesday Blitz August 08 Early 2023"]
[White "Gueci, Tea"]
[Black "LeoLV10"]
[WhiteFideId "872342"]
[WhiteElo "2386"]
[BlackElo "2526"]
[Result "0-1"]
[Round "9"]
[TimeControl "180+1"]
[Date "2023.08.08"]
[WhiteClock "0:00:12"]
[BlackClock "0:00:21"]
[Board "122"]

1. e4 c5 2. Nf3 e6 3. c3 d5 4. e5 Ne7 5. d4 Nbc6 6. Bd3 Qb6 7. O-O Bd7 8. a3 cxd4 9. Nbd2 dxc3 10. bxc3 Ng6 11. Rb1 Qc7 12. Bxg6 hxg6 13. Re1 Bc5 14. Nb3 Bb6 15. Nbd4 a6 16. a4 Na5 17. Ba3 Nc4 18. Bd6 Nxd6 19. exd6 Qxd6 20. Ne5 Bc7 21. Rxb7 O-O 22. f4 Rfb8 23. Rxb8+ Rxb8 24. Qe2 Be8 25. Ra1 Ba5 26. Qd3 Rc8 27. Rc1 g5 28. g3 f6 29. Ng6 Bxg6 30. Qxg6 gxf4 31. gxf4 Qxf4 32. Re1 Bb6 33. Kh1 Bxd4 34. cxd4 Qf3+ 35. Kg1 Qh3 36. Rb1 Qh7 37. Qxh7+ Kxh7 38. Rb6 e5 39. dxe5 fxe5 40. Rxa6 d4 41. Rd6 Rc5 42. Kf2 Ra5 43. Kf3 Rxa4 44. Ke4 Ra5 45. Re6 g6 46. h4 Kg7 47. Rd6 Kf7 48. Rb6 Rc5 49. Rb7+ Kf6 50. Rb6+ Kg7 51. Re6 Kh6 52. Re8 Kh5 53. Rh8+ Kg4 54. Rg8 Kxh4 55. Rxg6 Kh5 56. Rf6 Kg5 57. Rf5+ Kg6 58. Rf8 Ra5 59. Rd8 Kf6 60. Rd6+ Ke7 61. Rb6 Kd7 62. Rb7+ Kc6 63. Rh7 Kc5 64. Rh6 Kc4 65. Rh1 Kc3 66. Rc1+ Kd2 67. Rb1 d3 68. Rb3 Ra4+ 69. Kxe5 Kc2 70. Rb8 d2 71. Rc8+ Kd1 72. Rd8 Ke2 73. Kf5 d1=Q 74. Rxd1 Kxd1 0-1


[Site "https://www.chess.com"]

[Event "Titled Tuesday Blitz August 08 Early 2023"]
[White "Vifleemskaia, Svetlana"]
[Black "Ibadov, Dashgyn"]
[WhiteFideId "4129490"]
[BlackFideId "24107514"]
[WhiteElo "2383"]
[BlackElo "2524"]
[Result "1-0"]
[Round "9"]
[TimeControl "180+1"]
[Date "2023.08.08"]
[WhiteClock "0:00:06"]
[BlackClock "0:00:00"]
[Board "123"]

1. d4 Nf6 2. c4 c5 3. d5 d6 4. Nc3 g6 5. e4 Bg7 6. Nf3 O-O 7. h3 e6 8. Bd3 exd5 9. cxd5 Re8 10. O-O Nbd7 11. Bf4 c4 12. Bc2 Nc5 13. e5 dxe5 14. Bxe5 Nh5 15. Bxg7 Nxg7 16. Qd4 b6 17. Rfe1 Bf5 18. Bxf5 Nxf5 19. Rxe8+ Qxe8 20. Qxc4 Rc8 21. Rd1 Qd7 22. Ne5 Qd6 23. Nc6 Re8 24. Nxa7 Qf6 25. Nc6 Qg5 26. Qg4 Qf6 27. Nd4 Nd6 28. Qf3 Qg5 29. Qg4 Qf6 30. Nf3 Kg7 31. Qd4 Qxd4 32. Nxd4 h5 33. g3 Kf6 34. Kg2 g5 35. Ndb5 Ndb7 36. d6 Nd7 37. Rd4 Re5 38. f4 gxf4 39. gxf4 Rc5 40. Nc7 Rc6 41. N7d5+ Ke6 42. Ne3 Rxd6 43. Rxd6+ Kxd6 44. Kf3 Nbc5 45. Nf5+ Ke6 46. Ng7+ Kd6 47. Nxh5 Nd3 48. b3 Kc5 49. Ng3 Kb4 50. Nd5+ Ka3 51. Ke3 Nc1 52. Kd4 Nxa2 53. b4 Nxb4 54. Nxb4 Kxb4 55. h4 Nf6 56. h5 Ka4 57. h6 b5 58. Ne4 Nh7 59. Nc5+ Ka3 60. Kc3 b4+ 61. Kc4 f5 62. Nb3 Ka4 63. Nd4 Ka3 64. Nc2+ Ka4 65. Nxb4 Ka5 66. Nd5 Nf8 67. Kd4 Kb5 68. Ke5 Kc5 69. Nf6 1-0


[Site "https://www.chess.com"]

[Event "Titled Tuesday Blitz August 08 Early 2023"]
[White "Korpics, Zsolt"]
[Black "Gontcharov, Vladislav"]
[WhiteFideId "705241"]
[BlackFideId "4123492"]
[WhiteElo "2365"]
[BlackElo "2521"]
[Result "0-1"]
[Round "9"]
[TimeControl "180+1"]
[Date "2023.08.08"]
[WhiteClock "0:00:00"]
[BlackClock "0:00:56"]
[Board "124"]

1. e4 e6 2. d4 d5 3. Bd3 dxe4 4. Bxe4 Nf6 5. Bf3 c5 6. Ne2 Nc6 7. Be3 cxd4 8. Nxd4 Ne5 9. Nc3 Bb4 10. Nb5 Nxf3+ 11. Qxf3 O-O 12. O-O a6 13. a3 Be7 14. Rad1 Bd7 15. Nd4 Qc8 16. Bf4 e5 17. Bxe5 Bg4 18. Qg3 Nh5 19. Qd3 Bxd1 20. Qxd1 g6 21. Nd5 Qd8 22. f4 Qxd5 23. Nf5 Qc5+ 24. Bd4 Qxf5 0-1


[Site "https://www.chess.com"]

[Event "Titled Tuesday Blitz August 08 Early 2023"]
[White "Der_Balak_3Halak"]
[Black "Berezin, Viktor"]
[BlackFideId "14107872"]
[WhiteElo "2375"]
[BlackElo "2516"]
[Result "0-1"]
[Round "9"]
[TimeControl "180+1"]
[Date "2023.08.08"]
[WhiteClock "0:00:17"]
[BlackClock "0:00:22"]
[Board "125"]

1. e4 c6 2. Nf3 d5 3. Nc3 Bg4 4. h3 Bxf3 5. Qxf3 Nf6 6. e5 Nfd7 7. d4 e6 8. Bd3 c5 9. dxc5 Nxe5 10. Bb5+ Nbc6 11. Qg3 Nd7 12. Be3 Qa5 13. O-O-O a6 14. Bxc6 bxc6 15. Bd4 Nxc5 16. Rhe1 Na4 17. Ne2 Nb6 18. Nf4 Nc4 19. Nxe6 fxe6 20. Qg4 O-O-O 21. Qxe6+ Kb7 22. Qf7+ Qc7 23. Qf5 Bd6 24. b3 Na3 25. Bxg7 Qxg7 0-1


[Site "https://www.chess.com"]

[Event "Titled Tuesday Blitz August 08 Early 2023"]
[White "Sreyas Payyappat"]
[Black "Kanyamarala, Trisha"]
[WhiteFideId "46674969"]
[BlackFideId "45004722"]
[WhiteElo "2515"]
[BlackElo "2364"]
[Result "1-0"]
[Round "9"]
[TimeControl "180+1"]
[Date "2023.08.08"]
[WhiteClock "0:00:17"]
[BlackClock "0:00:00"]
[Board "126"]

1. e4 c5 2. Nf3 d6 3. d4 cxd4 4. Nxd4 Nf6 5. Nc3 a6 6. h4 Nc6 7. h5 h6 8. f3 e5 9. Nb3 Be6 10. Be3 d5 11. exd5 Nxd5 12. Nxd5 Bxd5 13. Qd2 Bb4 14. c3 Be7 15. O-O-O Bxb3 16. axb3 Qa5 17. Bc4 O-O 18. Bxh6 gxh6 19. Qxh6 e4 20. f4 Qf5 21. Rh3 Qh7 22. Qxh7+ Kxh7 23. Rd7 Rad8 24. Rxb7 Bd6 25. Bxf7 Bxf4+ 26. Kb1 Kh6 27. Bg6 Rd1+ 28. Ka2 Ne5 29. Bxe4 Re1 30. Rb6+ Kg5 31. Bf3 Nd3 32. Rg6+ Kf5 33. Bg4+ Ke4 34. Re6+ Be5 35. Bf3+ Kf5 36. Bd5 Nc1+ 37. Ka3 Ne2 38. Rf3+ Nf4 39. g3 Kg4 40. gxf4 1-0


[Site "https://www.chess.com"]

[Event "Titled Tuesday Blitz August 08 Early 2023"]
[White "Melikhov, Evgeny V."]
[Black "Chor, Kevin"]
[WhiteFideId "4122046"]
[BlackFideId "2090740"]
[WhiteElo "2358"]
[BlackElo "2509"]
[Result "1-0"]
[Round "9"]
[TimeControl "180+1"]
[Date "2023.08.08"]
[WhiteClock "0:00:19"]
[BlackClock "0:00:03"]
[Board "127"]

1. d4 Nf6 2. c4 g6 3. Nc3 Bg7 4. e4 d6 5. f3 O-O 6. Be3 Na6 7. Bd3 e5 8. d5 Nc5 9. Bc2 a5 10. Nge2 Nh5 11. Qd2 f5 12. exf5 gxf5 13. O-O-O Bd7 14. h3 Nf6 15. g4 f4 16. Bxc5 dxc5 17. Ne4 Qe7 18. N2c3 Ne8 19. d6 cxd6 20. Nxd6 Bc6 21. Nf5 Qf7 22. Be4 Qxc4 23. Ne7+ Kh8 24. Nxc6 bxc6 25. Bxc6 Rb8 26. b3 Qa6 27. Bxe8 Rfxe8 28. Qd3 c4 29. Qxc4 Qb7 30. Qd5 Qb4 31. Ne4 a4 32. Rd3 axb3 33. Rxb3 Rbc8+ 34. Kb1 Qa4 35. Rd1 Ra8 36. Rd2 h6 37. Qb5 Qa7 38. Qb6 Qe7 39. Rd6 Qh4 40. Rg6 Qxh3 41. Qb7 Qf1+ 42. Kb2 Qe2+ 43. Kc3 Rec8+ 44. Rc6 Rxc6+ 45. Qxc6 Rxa2 46. Qc8+ Kh7 47. Qf5+ Kg8 48. Rb8+ Bf8 49. Qxf8+ Kh7 50. Qf7# 1-0


[Site "https://www.chess.com"]

[Event "Titled Tuesday Blitz August 08 Early 2023"]
[White "Ncatt"]
[Black "Jovic, Stanoje"]
[BlackFideId "905020"]
[WhiteElo "2344"]
[BlackElo "2489"]
[Result "1-0"]
[Round "9"]
[TimeControl "180+1"]
[Date "2023.08.08"]
[WhiteClock "0:01:12"]
[BlackClock "0:00:01"]
[Board "128"]

1. e4 c6 2. d4 d5 3. Nc3 dxe4 4. Nxe4 Nf6 5. Nxf6+ exf6 6. c3 Bd6 7. Bd3 O-O 8. Qc2 h6 9. Ne2 Qc7 10. h3 c5 11. O-O c4 12. Bh7+ Kh8 13. Be4 Nc6 14. Be3 b5 15. a3 Bb7 16. Rad1 Rfe8 17. Rfe1 Nb4 18. axb4 Bxe4 19. Qd2 g5 20. d5 f5 21. f4 g4 22. h4 g3 23. Nxg3 Bd3 24. Nh5 Be7 25. Bd4+ Kh7 26. Rxe7 Rxe7 27. Nf6+ Kh8 28. d6 Qxd6 29. Qf2 Re2 30. Ne8+ Kh7 31. Nxd6 Rxf2 32. Kxf2 Kg6 33. Re1 a5 34. Nxb5 axb4 35. cxb4 Rb8 36. Re5 Ra8 37. Nc3 Ra1 38. b5 Kh5 39. Kg3 Rg1 40. Bxg1 1-0


[Site "https://www.chess.com"]

[Event "Titled Tuesday Blitz August 08 Early 2023"]
[White "Khamdamova, Afruza"]
[Black "Konenkin, Dmitry"]
[WhiteFideId "14210444"]
[BlackFideId "4185781"]
[WhiteElo "2475"]
[BlackElo "2310"]
[Result "1-0"]
[Round "9"]
[TimeControl "180+1"]
[Date "2023.08.08"]
[WhiteClock "0:01:03"]
[BlackClock "0:00:14"]
[Board "129"]

1. e4 d6 2. d4 Nf6 3. Nc3 e5 4. Nf3 Nbd7 5. Bc4 Be7 6. O-O c6 7. a4 Qc7 8. Ba2 h6 9. Be3 Nf8 10. a5 g5 11. dxe5 dxe5 12. a6 b6 13. Qe2 Be6 14. Rfd1 Bxa2 15. Rxa2 Ne6 16. Ra4 O-O 17. Raa1 Rfd8 18. Qc4 Ng4 19. b4 Nxe3 20. fxe3 b5 21. Qb3 Qb6 22. Rxd8+ Rxd8 23. Ne2 Nf4 24. Ng3 Bf6 25. Nf5 Bg7 26. Nxg7 Kxg7 27. Nxe5 Ne6 28. Rf1 Rf8 29. Nd7 Qc7 30. Qc3+ f6 31. Nxf8 1-0


[Site "https://www.chess.com"]

[Event "Titled Tuesday Blitz August 08 Early 2023"]
[White "Mishra, Manoj"]
[Black "Shuvalov, Evgenij"]
[WhiteFideId "5006007"]
[BlackFideId "4187237"]
[WhiteElo "2243"]
[BlackElo "2474"]
[Result "0-1"]
[Round "9"]
[TimeControl "180+1"]
[Date "2023.08.08"]
[WhiteClock "0:00:24"]
[BlackClock "0:01:11"]
[Board "130"]

1. d4 Nf6 2. g3 d5 3. Bg2 Bf5 4. c4 e6 5. Nc3 c6 6. Nf3 h6 7. O-O Nbd7 8. h3 Bd6 9. Re1 O-O 10. g4 Bh7 11. g5 hxg5 12. Nxg5 Bg6 13. e4 dxe4 14. Ncxe4 Nxe4 15. Nxe4 Bc7 16. Bg5 Qb8 17. h4 Bf4 18. Qg4 Bxg5 19. hxg5 Rd8 20. c5 Bxe4 21. Bxe4 g6 22. Bxg6 Nf8 23. Bc2 Rd5 24. g6 f5 25. Qg5 Qd8 26. Qxd8 Raxd8 27. Bb3 Rxd4 28. Bxe6+ Kg7 29. Bxf5 Nxg6 30. Bxg6 Kxg6 31. Re6+ Kf5 32. Rae1 R4d5 33. Re7 R8d7 34. b4 Kf6 35. Rxd7 Rxd7 36. Re2 Rd4 37. a3 a5 38. Rb2 a4 39. b5 Rc4 40. bxc6 bxc6 41. Rb4 Rxb4 42. axb4 a3 0-1


[Site "https://www.chess.com"]

[Event "Titled Tuesday Blitz August 08 Early 2023"]
[White "marik_spb"]
[Black "Tharushi, T H D Niklesha"]
[BlackFideId "9918264"]
[WhiteElo "2474"]
[BlackElo "2084"]
[Result "1-0"]
[Round "9"]
[TimeControl "180+1"]
[Date "2023.08.08"]
[WhiteClock "0:00:08"]
[BlackClock "0:00:32"]
[Board "131"]

1. e4 c5 2. c3 Nf6 3. e5 Nd5 4. d4 cxd4 5. cxd4 e6 6. Nf3 Nc6 7. Bc4 d6 8. O-O Nb6 9. Bb3 Be7 10. Qe2 O-O 11. Nc3 Bd7 12. Rd1 a5 13. a3 d5 14. Qd3 a4 15. Bc2 g6 16. Bh6 Re8 17. h3 Na5 18. Qe3 Nbc4 19. Qf4 Nxb2 20. Rdb1 Nbc4 21. Bxa4 Nxa3 22. Bxd7 Qxd7 23. Ng5 Bf8 24. Bxf8 Rxf8 25. Rxa3 Qe7 26. Rba1 b6 27. Nb5 Qd7 28. Nd6 h6 29. Ngxf7 Rxf7 30. Nxf7 Qxf7 31. Qxf7+ Kxf7 32. Rb1 Ra7 33. Rxb6 Kg8 34. Rb5 Nc6 35. Rxa7 Nxa7 36. Rb8+ Kf7 37. Rb7+ Ke8 38. Rxa7 1-0


[Site "https://www.chess.com"]

[Event "Titled Tuesday Blitz August 08 Early 2023"]
[White "Przybylski, Wojciech"]
[Black "Sailer, Mike"]
[WhiteFideId "1117599"]
[BlackFideId "2012901"]
[WhiteElo "2583"]
[BlackElo "2182"]
[Result "1-0"]
[Round "9"]
[TimeControl "180+1"]
[Date "2023.08.08"]
[WhiteClock "0:00:15"]
[BlackClock "0:00:02"]
[Board "132"]

1. e4 d5 2. exd5 Qxd5 3. Nc3 Qd6 4. g3 Nf6 5. Bg2 c6 6. Nge2 e5 7. d4 Bg4 8. dxe5 Qxe5 9. Bf4 Qa5 10. O-O Bb4 11. Qd3 O-O 12. Nd4 Bxc3 13. bxc3 Na6 14. Bd6 Rfd8 15. Be7 Rd7 16. Bxf6 gxf6 17. Qe4 Bh5 18. Bh3 Bg6 19. Qf4 Re7 20. Qxf6 Rae8 21. Nf5 Bxf5 22. Bxf5 Qe5 23. Qg5+ Qg7 24. Qf4 Nc5 25. Rad1 Qxc3 26. Rd4 Ne6 27. Qg4+ Ng7 28. Bd3 Re1 29. Rxe1 Qxe1+ 30. Kg2 Qe6 31. Qh4 Nf5 32. Rg4+ Kf8 33. Qxh7 Qd5+ 34. Kh3 Nd4 35. Rg8+ Ke7 36. Qe4+ Qxe4 37. Rxe8+ Kxe8 38. Bxe4 Ke7 39. Kg2 f5 40. Bd3 Kd6 41. c3 Nb5 42. c4 Nd4 43. h4 Ke5 44. f3 Ne6 45. h5 a6 46. h6 Nf8 47. g4 fxg4 48. fxg4 Kf6 49. h7 Nxh7 50. Bxh7 b5 51. c5 a5 52. Be4 b4 53. Bxc6 Ke5 54. Ba4 Kd5 55. c6 Kd6 56. g5 1-0


[Site "https://www.chess.com"]

[Event "Titled Tuesday Blitz August 08 Early 2023"]
[White "only_strong_moves"]
[Black "Nithyalakshmi, Sivanesan"]
[BlackFideId "5706955"]
[WhiteElo "2556"]
[BlackElo "2343"]
[Result "1-0"]
[Round "9"]
[TimeControl "180+1"]
[Date "2023.08.08"]
[WhiteClock "0:00:22"]
[BlackClock "0:00:12"]
[Board "133"]

1. d4 Nf6 2. Nc3 d5 3. Bf4 c6 4. e3 g6 5. Nf3 Bg7 6. Ne5 Nh5 7. Be2 Nxf4 8. exf4 O-O 9. h4 f6 10. Nd3 h6 11. Qd2 b5 12. O-O-O a5 13. h5 g5 14. fxg5 fxg5 15. f4 g4 16. Ne5 a4 17. a3 b4 18. axb4 Qd6 19. Na2 Na6 20. c3 a3 21. b3 Nc7 22. g3 Nb5 23. Bxg4 Ba6 24. Rhe1 Nc7 25. Be2 Nb5 26. Bd3 Rfb8 27. Bb1 Nc7 28. Qc2 Ne6 29. Qh7+ Kf8 30. Qf5+ Kg8 31. Qf7+ Kh8 32. Ng6+ Kh7 33. Nxe7+ Kh8 34. Ng6+ Kh7 35. Rxe6 1-0


[Site "https://www.chess.com"]

[Event "Titled Tuesday Blitz August 08 Early 2023"]
[White "Gauravthegm"]
[Black "Czerw, Dawid"]
[BlackFideId "1145746"]
[WhiteElo "2338"]
[BlackElo "2544"]
[Result "1-0"]
[Round "9"]
[TimeControl "180+1"]
[Date "2023.08.08"]
[WhiteClock "0:00:07"]
[BlackClock "0:00:19"]
[Board "134"]

1. e4 c5 2. Nc3 Nc6 3. f4 g6 4. Nf3 Bg7 5. Bb5 Nd4 6. O-O Nxb5 7. Nxb5 d5 8. exd5 a6 9. Nc3 Nf6 10. d3 Nxd5 11. Ne4 b6 12. Kh1 O-O 13. Ne5 Qc7 14. c4 Nxf4 15. Bxf4 Bxe5 16. Bxe5 Qxe5 17. Qb3 Rb8 18. Rae1 Qc7 19. Nc3 Bb7 20. Qc2 Rbd8 21. Qe2 Rd7 22. Rf2 e6 23. Ref1 Qd6 24. Ne4 Bxe4 25. dxe4 Qe5 26. b3 Rd4 27. Rf4 f5 28. Qf3 g5 29. Qg3 Qg7 30. R4f2 Rxe4 31. Qd6 Qd4 32. Qg3 Rg4 33. Qc7 Qd8 34. Qc6 Re4 35. h3 Rf7 36. Qa4 a5 37. Qc6 Rd7 38. Rf3 Qc7 39. Qa8+ Rd8 40. Qa6 Qc6 41. Qa7 Rd7 42. Qb8+ Kg7 43. Qg3 h6 44. R3f2 Qd6 45. Qc3+ Qd4 46. Qc2 Qd3 47. Qb2+ Rdd4 48. Rf3 Qd2 49. Qb1 Re2 50. Rg1 Rde4 51. Qa1+ Kh7 52. Qf6 Qd7 53. Rd3 Qg7 54. Qd8 Rd4 55. Rxd4 cxd4 56. Qxb6 e5 57. c5 d3 58. c6 d2 59. c7 Re1 60. c8=Q Rxg1+ 61. Qxg1 e4 62. Qd1 e3 63. Qxf5+ Qg6 64. Qxg6+ Kxg6 65. Kg1 Kf5 66. Kf1 Ke4 67. Ke2 Kf4 68. Qf1+ Ke4 69. Qf3+ Kd4 70. Qxe3+ Kd5 71. Qxd2+ Kc5 72. Qxa5+ Kd4 73. Qd8+ Kc3 74. Qh8+ Kc2 75. Qxh6 Kc1 76. Qxg5+ Kb1 77. h4 Ka1 78. h5 Kb2 79. Qd2+ Kb1 80. b4 Ka1 81. a4 Kb1 82. h6 Ka1 83. h7 Kb1 84. b5 Ka1 85. h8=Q+ Kb1 86. Qh1# 1-0


[Site "https://www.chess.com"]

[Event "Titled Tuesday Blitz August 08 Early 2023"]
[White "Do Nascimento,Christian Almeida"]
[Black "Dong Khanh Linh"]
[WhiteFideId "2143801"]
[BlackFideId "12403040"]
[WhiteElo "2530"]
[BlackElo "2329"]
[Result "0-1"]
[Round "9"]
[TimeControl "180+1"]
[Date "2023.08.08"]
[WhiteClock "0:00:17"]
[BlackClock "0:00:05"]
[Board "135"]

1. e4 e6 2. d4 d5 3. Nc3 Nf6 4. Bg5 dxe4 5. Nxe4 Be7 6. Bxf6 gxf6 7. Nf3 a6 8. Bd3 b5 9. c3 Bb7 10. Qe2 Nd7 11. O-O c5 12. dxc5 Nxc5 13. Nxc5 Bxc5 14. Rfd1 Qb6 15. a4 Ke7 16. b4 Bd6 17. Nd4 Be5 18. a5 Qc7 19. Be4 Bxe4 20. Qxe4 Rac8 21. g3 Qxc3 22. Rac1 Qxc1 23. Rxc1 Rxc1+ 24. Kg2 Rhc8 25. Nf3 Bd6 26. Qb7+ R8c7 27. Qxa6 Bxb4 28. Qxb5 Bc5 29. Qb3 Ra1 30. Qc3 Ra2 31. Nd2 Bd6 32. Qd3 Rxa5 33. Ne4 Rd5 34. Qf3 f5 35. Nxd6 Rxd6 36. Qh5 Rc2 37. Qxh7 Rdd2 38. Qh4+ Ke8 39. Qa4+ Ke7 40. Qb4+ Kf6 41. Qh4+ Kg6 42. Qf4 Rxf2+ 43. Qxf2 Rxf2+ 44. Kxf2 Kg5 45. h4+ Kg4 46. Ke3 Kxg3 47. h5 f4+ 48. Ke4 f3 49. h6 f2 50. h7 f1=Q 51. h8=Q Qe2+ 52. Kd4 Qb2+ 0-1


[Site "https://www.chess.com"]

[Event "Titled Tuesday Blitz August 08 Early 2023"]
[White "amanjazu"]
[Black "Kanyamarala, Tarun"]
[BlackFideId "45004714"]
[WhiteElo "2331"]
[BlackElo "2498"]
[Result "0-1"]
[Round "9"]
[TimeControl "180+1"]
[Date "2023.08.08"]
[WhiteClock "0:00:03"]
[BlackClock "0:01:10"]
[Board "136"]

1. g3 Nf6 2. f4 d5 3. Nf3 c6 4. Bg2 Qb6 5. d4 g6 6. O-O Bg7 7. c3 O-O 8. Ne5 Nbd7 9. Nd2 Ne8 10. Ndf3 Ndf6 11. h3 Ne4 12. Kh2 N8d6 13. Nd2 f6 14. Nd3 Nxd2 15. Qxd2 Bf5 16. Nc5 Nc4 17. Qe1 e5 18. fxe5 fxe5 19. e4 dxe4 20. Qe2 Nd6 21. g4 exd4 22. cxd4 Bxd4 23. Rxf5 Bxc5 24. Rg5 Bg1+ 25. Kh1 Rae8 26. Bd2 Bd4 27. Bc3 Bxc3 28. bxc3 Rf2 29. Qd1 Rd8 30. Rb1 Qe3 31. Re5 Qg3 32. Qb3+ Kf8 33. Rf1 Qxg2# 0-1


[Site "https://www.chess.com"]

[Event "Titled Tuesday Blitz August 08 Early 2023"]
[White "Ziatdinov, Raset"]
[Black "Womacka, Mathias"]
[WhiteFideId "2015323"]
[BlackFideId "4611390"]
[WhiteElo "2329"]
[BlackElo "2496"]
[Result "1-0"]
[Round "9"]
[TimeControl "180+1"]
[Date "2023.08.08"]
[WhiteClock "0:01:17"]
[BlackClock "0:00:19"]
[Board "137"]

1. e4 c5 2. c3 d5 3. exd5 Qxd5 4. Na3 Nf6 5. Nf3 Nc6 6. Bc4 Qe4+ 7. Be2 Bg4 8. O-O e6 9. d4 O-O-O 10. Be3 Nd5 11. Nc4 Nxe3 12. fxe3 Qg6 13. Nce5 Nxe5 14. Nxe5 Bxe2 15. Nxg6 Bxd1 16. Nxh8 Be2 17. Rf2 Bb5 18. Nxf7 Re8 19. Ng5 Bd6 20. Rf7 h6 21. Ne4 Be7 22. Rxe7 Rxe7 23. Nd6+ Kd7 24. Nxb5 Kc6 25. Na3 e5 26. Rd1 exd4 27. exd4 cxd4 28. cxd4 Re2 29. d5+ Kd7 30. Nc4 b5 31. Rd2 Re4 32. Na5 Ra4 33. Nb3 Rxa2 34. d6 1-0


[Site "https://www.chess.com"]

[Event "Titled Tuesday Blitz August 08 Early 2023"]
[White "Nayak Rajesh"]
[Black "Hirneise, Jens"]
[WhiteFideId "35017152"]
[BlackFideId "24614734"]
[WhiteElo "2321"]
[BlackElo "2495"]
[Result "0-1"]
[Round "9"]
[TimeControl "180+1"]
[Date "2023.08.08"]
[WhiteClock "0:00:14"]
[BlackClock "0:00:22"]
[Board "138"]

1. e4 c5 2. Nf3 Nc6 3. b3 Nf6 4. Bb2 Nxe4 5. d4 d5 6. Bd3 cxd4 7. O-O e5 8. c4 dxc3 9. Nxc3 Nxc3 10. Bxc3 e4 11. Re1 Be6 12. Nd4 Nxd4 13. Bxd4 exd3 14. Qxd3 Be7 15. Bxg7 Rg8 16. Qxh7 Kd7 17. Rad1 Bf6 18. Rxe6 Kxe6 19. Qh3+ Kd6 20. Qg3+ Kc6 21. Rc1+ Kb6 22. Bh6 Rxg3 0-1


[Site "https://www.chess.com"]

[Event "Titled Tuesday Blitz August 08 Early 2023"]
[White "Vovk, Orest"]
[Black "Zaksaite, Salomeja"]
[WhiteFideId "14113490"]
[BlackFideId "12801496"]
[WhiteElo "2471"]
[BlackElo "2316"]
[Result "0-1"]
[Round "9"]
[TimeControl "180+1"]
[Date "2023.08.08"]
[WhiteClock "0:00:50"]
[BlackClock "0:00:45"]
[Board "140"]

1. h4 e5 2. h5 d5 3. h6 Nxh6 4. d4 Nc6 5. Bxh6 gxh6 6. dxe5 Nxe5 7. Nf3 Nxf3+ 8. gxf3 Bf5 9. Nc3 c6 10. e4 dxe4 11. fxe4 Bg6 12. Qf3 Bg7 13. Rd1 Qb6 14. b3 O-O 15. Na4 Qa5+ 16. c3 Bxe4 17. Qxe4 Rae8 18. Rh4 b5 19. Nb2 Bxc3+ 0-1


[Site "https://www.chess.com"]

[Event "Titled Tuesday Blitz August 08 Early 2023"]
[White "Tosic, Srecko"]
[Black "Rottenwohrer Suarez, Juan"]
[WhiteFideId "924563"]
[BlackFideId "32068182"]
[WhiteElo "2312"]
[BlackElo "2470"]
[Result "0-1"]
[Round "9"]
[TimeControl "180+1"]
[Date "2023.08.08"]
[WhiteClock "0:00:13"]
[BlackClock "0:00:13"]
[Board "141"]

1. e4 c5 2. Nf3 g6 3. d4 cxd4 4. Nxd4 Nc6 5. Nc3 Bg7 6. Nde2 Nf6 7. g3 b5 8. Bg2 b4 9. Nd5 O-O 10. O-O a5 11. a3 Bb7 12. Re1 d6 13. axb4 axb4 14. Rxa8 Qxa8 15. Nef4 Rd8 16. Nxf6+ Bxf6 17. Nd5 Bg7 18. b3 e6 19. Nb6 Qa6 20. Nc4 Nd4 21. Be3 Nb5 22. Qd3 Nc3 23. Qf1 h5 24. h4 Qa2 25. Bg5 f6 26. Bf4 e5 27. Ra1 Qxc2 28. Ra7 Bxe4 29. Bxe4 Qxe4 30. Be3 d5 31. Bb6 Rb8 32. Nd6 Qf3 33. Bc7 Rf8 34. Ba5 Ne2+ 35. Kh2 Nxg3 36. Qg2 Qxg2+ 37. Kxg2 Ne2 38. Bxb4 Rb8 39. Rb7 Rxb7 40. Nxb7 Nd4 41. Na5 Bf8 42. Bc3 Ne2 43. Bd2 Nd4 44. Bc3 Nf5 45. Kh3 Kf7 46. b4 Ke6 47. b5 d4 48. Bd2 e4 49. b6 e3 50. fxe3 dxe3 51. Bc3 Bd6 52. Nc4 Bb8 53. Kg2 Nxh4+ 54. Kh3 Nf5 55. Kg2 Nh4+ 56. Kf1 Nf3 57. Ke2 Ng5 58. Kxe3 h4 59. Kf2 Ne4+ 60. Kg2 Nxc3 61. Kh3 Kd5 62. Kxh4 Kxc4 63. b7 Kc5 64. Kg4 Kb6 65. Kf3 Kxb7 66. Ke3 Kc6 67. Kd4 Kd6 68. Kxc3 Ke6 69. Kd3 Kf5 70. Ke2 Kg4 71. Kf2 f5 72. Kg2 g5 73. Kf2 f4 74. Kg2 Bc7 0-1


[Site "https://www.chess.com"]

[Event "Titled Tuesday Blitz August 08 Early 2023"]
[White "Gavilan Diaz, Mario"]
[Black "Iunusovnuriddin"]
[WhiteFideId "2260905"]
[WhiteElo "2465"]
[BlackElo "2310"]
[Result "1-0"]
[Round "9"]
[TimeControl "180+1"]
[Date "2023.08.08"]
[WhiteClock "0:00:11"]
[BlackClock "0:00:06"]
[Board "142"]

1. d4 Nf6 2. c4 g6 3. Nc3 Bg7 4. e4 d6 5. Be2 O-O 6. Be3 e5 7. d5 Nbd7 8. g4 Nc5 9. Bf3 a5 10. g5 Nfd7 11. h4 f6 12. gxf6 Nxf6 13. Qe2 c6 14. O-O-O Qb6 15. Na4 Qb4 16. Nxc5 dxc5 17. a3 Qb3 18. Kb1 cxd5 19. cxd5 Bd7 20. Bxc5 Rfc8 21. Qe3 Qxe3 22. Bxe3 Rc4 23. Rc1 Rac8 24. Ne2 Nxe4 25. Bxe4 Rxe4 26. Rxc8+ Bxc8 27. Rc1 Bf5 28. Ng3 Rc4+ 29. Nxf5 Rxc1+ 30. Kxc1 gxf5 31. Kd2 Kf7 32. Bb6 Ke7 33. Bxa5 Kd6 34. Bc3 Kxd5 35. f4 h5 36. a4 Ke4 37. fxe5 Bxe5 38. Bxe5 Kxe5 39. Ke3 Kd5 40. Kf4 Kc4 41. Kxf5 Kb3 42. Kg5 Kxb2 43. Kxh5 Kb3 44. a5 Kb4 45. Kg6 Kxa5 46. h5 b5 47. h6 b4 48. h7 1-0


[Site "https://www.chess.com"]

[Event "Titled Tuesday Blitz August 08 Early 2023"]
[White "Ljukin, Sergei"]
[Black "Afanasieva, Alexandra"]
[WhiteFideId "14102200"]
[BlackFideId "34126926"]
[WhiteElo "2465"]
[BlackElo "2308"]
[Result "1-0"]
[Round "9"]
[TimeControl "180+1"]
[Date "2023.08.08"]
[WhiteClock "0:00:18"]
[BlackClock "0:00:00"]
[Board "143"]

1. e4 c5 2. Nf3 e6 3. d4 cxd4 4. Nxd4 Nf6 5. Nc3 Nc6 6. Nxc6 bxc6 7. e5 Nd5 8. Ne4 Qc7 9. f4 Qb6 10. c4 Bb4+ 11. Ke2 f5 12. exf6 Nxf6 13. Be3 Qd8 14. Nd6+ Bxd6 15. Qxd6 Bb7 16. Rg1 Rc8 17. g4 c5 18. Rd1 Qe7 19. Bg2 Bxg2 20. Rxg2 Qxd6 21. Rxd6 Ke7 22. Ra6 Rc7 23. Rxa7 Rxa7 24. Bxc5+ Kf7 25. Bxa7 Ra8 26. Bd4 Rxa2 27. Kf3 d5 28. c5 Ra4 29. Ke3 Rc4 30. b3 Rc1 31. h3 Ne4 32. b4 Rb1 33. Rb2 Rh1 34. b5 Rxh3+ 35. Ke2 Rh2+ 36. Kd3 Rxb2 37. Bxb2 Nxc5+ 38. Kd4 Nb7 39. Kc3 h6 40. Kb4 g6 41. b6 h5 42. Kb5 h4 43. f5 gxf5 44. Kc6 Na5+ 45. Kb5 Nb7 46. Kc6 h3 47. Be5 d4 48. Kxb7 d3 49. Kc8 d2 50. b7 d1=Q 51. b8=Q Qc2+ 52. Bc7 h2 53. Qb7 fxg4 54. Kb8 Qf2 55. Bg3+ 1-0


[Site "https://www.chess.com"]

[Event "Titled Tuesday Blitz August 08 Early 2023"]
[White "Omariev, Maksim"]
[Black "UgarteCesar"]
[WhiteFideId "4193423"]
[WhiteElo "2450"]
[BlackElo "2295"]
[Result "1-0"]
[Round "9"]
[TimeControl "180+1"]
[Date "2023.08.08"]
[WhiteClock "0:00:05"]
[BlackClock "0:00:00"]
[Board "144"]

1. e4 c5 2. Nf3 Nc6 3. d4 cxd4 4. Nxd4 Qb6 5. Nb3 Nf6 6. Nc3 e6 7. Be3 Qc7 8. Be2 a6 9. a3 b5 10. O-O b4 11. axb4 Bxb4 12. Bd3 O-O 13. Bg5 Be7 14. f4 d6 15. Qf3 h6 16. Bh4 Bb7 17. Kh1 Nb4 18. Qh3 Nxd3 19. cxd3 Ne8 20. Na5 Bxh4 21. Qxh4 Nf6 22. Rf3 d5 23. Rg3 Kh7 24. e5 Ne8 25. d4 f5 26. Qh5 Bc8 27. Qg6+ Kh8 28. Nb3 Rb8 29. Nc5 Qf7 30. N3a4 Qxg6 31. Rxg6 Rb4 32. Rd1 Kh7 33. Rg3 Nc7 34. Rb3 Rxb3 35. Nxb3 Nb5 36. Nac5 Rf7 37. Ra1 Rc7 38. Kg1 g5 39. Kh1 gxf4 40. Nxa6 Rc2 41. Kg1 Rxb2 42. Nac5 Nc3 43. Ra8 Ne2+ 44. Kf1 f3 45. gxf3 1-0


[Site "https://www.chess.com"]